TOP OF THE 1ST |
Aberdeen Ironbirds batting - Pitching for Los Angeles (NYP) Angels : LHP Jon Curtis
|
Pitching: LHP Jon Curtis
|
|
Batting: LHB Shane Free
|
0-0: Ball 1-0: Swinging Strike 1-1: SINGLE (Groundball, 25, EV 62.5 MPH) (infield hit)
|
Batting: RHB Rudo Garciaparra
|
0-0: Ball 1-0: Foul Ball, location: 2F 1-1: Ball 2-1: Ball 3-1: Swinging Strike 3-2: SINGLE (Groundball, 4S, EV 99.4 MPH) Shane Free to second Runner from 2nd tries for 3rd, SAFE, throw by CF made to third
|
Batting: LHB Raul Rojas
|
0-0: Ground out 3-1 (Groundball, 13, EV 85.6 MPH) Shane Free scores Rudo Garciaparra to second
|
Batting: RHB Edwin Ramos
|
0-0: Ball Rudo Garciaparra steals 3rd base (no throw) 1-0: 2-RUN HOME RUN (Flyball, 89XD, EV 108.1 MPH), Distance : 426 ft
|
Batting: LHB Jose Bethancourt
|
0-0: Called Strike 0-1: SOLO HOME RUN (Flyball, 8RXD, EV 116.9 MPH), Distance : 463 ft
|
Batting: RHB Jordan Wallace
|
0-0: Called Strike 0-1: Ball 1-1: Ball 2-1: Ball 3-1: Foul Ball, location: 2F 3-2: Base on Balls
|
Batting: SHB Jorge Brito
|
0-0: Ball 1-0: Ball 2-0: Ball 3-0: Called Strike 3-1: Called Strike 3-2: Fly out, F7 (Flyball, 7LM, EV 94.4 MPH)
|
Batting: LHB David Best
|
0-0: DOUBLE (Line Drive, 9LM, EV 100.0 MPH) Jordan Wallace to third Runner from 3rd tries for Home, SAFE, throw by RF to home
|
Batting: SHB Tyler Myatt
|
0-0: Ball 1-0: Foul Ball, location: 2F 1-1: Fly out, F8 (Flyball, 8RS, EV 88.1 MPH)
|
Top of the 1st over - 5 runs, 5 hits, 0 errors, 1 left on base; Aberdeen 5 - Los Angeles (NYP) 0 |
BOTTOM OF THE 1ST |
Los Angeles (NYP) Angels batting - Pitching for Aberdeen Ironbirds : RHP Brent Widder
|
Pitching: RHP Brent Widder
|
|
Batting: RHB Randy Grewe
|
0-0: Foul Ball, location: 2F 0-1: Ball 1-1: SOLO HOME RUN (Flyball, 7LD, EV 95.6 MPH), Distance : 365 ft
|
Batting: RHB Jeff Long
|
0-0: Foul Ball, location: 2F 0-1: Swinging Strike 0-2: Hit by Pitch
|
Pinch Runner at 1st Steve Hasson:
|
|
Batting: RHB Jon Griffin
|
0-0: Ball 1-0: Grounds into double play, 5-4-3 (Groundball, 56, EV 86.9 MPH)
|
Batting: SHB Conor Davies
|
0-0: Called Strike 0-1: Ball 1-1: Ball 2-1: Ball 3-1: Foul Ball, location: 2F 3-2: Foul Ball, location: 2F 3-2: Strikes out looking
|
Bottom of the 1st over - 1 run, 1 hit, 0 errors, 0 left on base; Aberdeen 5 - Los Angeles (NYP) 1 |
TOP OF THE 2ND |
Aberdeen Ironbirds batting - Pitching for Los Angeles (NYP) Angels : LHP Jon Curtis
|
Now at SS: Steve Hasson
|
|
Batting: LHB Shane Free
|
0-0: Ball 1-0: Ground out 4-3 (Groundball, 4, EV 90.6 MPH)
|
Batting: RHB Rudo Garciaparra
|
0-0: Ball 1-0: Ball 2-0: Foul Ball, location: 2F 2-1: Swinging Strike 2-2: Ground out 5-3 (Groundball, 5L, EV 106.9 MPH)
|
Batting: LHB Raul Rojas
|
0-0: Reached on error, E8 (Flyball, 89D, EV 96.9 MPH)
|
Batting: RHB Edwin Ramos
|
0-0: Ball Passed Ball! Raul Rojas to third 1-0: Ball 2-0: Called Strike 2-1: Swinging Strike 2-2: Ball 3-2: Base on Balls
|
Batting: LHB Jose Bethancourt
|
0-0: Ball 1-0: Called Strike 1-1: Ball 2-1: Fly out, F7 (Line Drive, 7, EV 95.0 MPH)
|
Top of the 2nd over - 0 runs, 0 hits, 1 error, 2 left on base; Aberdeen 5 - Los Angeles (NYP) 1 |
BOTTOM OF THE 2ND |
Los Angeles (NYP) Angels batting - Pitching for Aberdeen Ironbirds : RHP Brent Widder
|
Batting: RHB Tsega Haida
|
0-0: Swinging Strike 0-1: Ball 1-1: Ball 2-1: Ball 3-1: Base on Balls
|
Batting: RHB Jason Habeck
|
0-0: Called Strike 0-1: Fielders Choice at 2nd, 3-6 (Groundball, 3, EV 88.1 MPH)
|
Batting: RHB Steve Hughey
|
0-0: Called Strike 0-1: Swinging Strike 0-2: Foul Ball, location: 2F 0-2: Strikes out looking
|
Batting: RHB David Kunze
|
0-0: Ball 1-0: Ball 2-0: Ball 3-0: Called Strike 3-1: Ground out 4-3 (Groundball, 4D, EV 78.8 MPH)
|
Bottom of the 2nd over - 0 runs, 0 hits, 0 errors, 1 left on base; Aberdeen 5 - Los Angeles (NYP) 1 |
TOP OF THE 3RD |
Aberdeen Ironbirds batting - Pitching for Los Angeles (NYP) Angels : LHP Jon Curtis
|
Batting: RHB Jordan Wallace
|
0-0: Swinging Strike 0-1: Reached on error, E6 (Groundball, 6, EV 81.3 MPH)
|
Batting: SHB Jorge Brito
|
0-0: Ball 1-0: Foul Ball, location: 2F 1-1: Called Strike 1-2: Strikes out looking
|
Batting: LHB David Best
|
0-0: Called Strike 0-1: SINGLE (Groundball, 6S, EV 75.0 MPH) (infield hit) Jordan Wallace to third
|
Batting: SHB Tyler Myatt
|
0-0: Fly out, F5 (Line Drive, 5, EV 67.5 MPH)
|
Batting: LHB Shane Free
|
0-0: Foul Ball, location: 2F 0-1: Ball 1-1: Ball 2-1: Ball 3-1: Swinging Strike 3-2: Ground out 4-3 (Groundball, 4M, EV 103.8 MPH)
|
Top of the 3rd over - 0 runs, 1 hit, 1 error, 2 left on base; Aberdeen 5 - Los Angeles (NYP) 1 |
BOTTOM OF THE 3RD |
Los Angeles (NYP) Angels batting - Pitching for Aberdeen Ironbirds : RHP Brent Widder
|
Batting: RHB D.J. Martinez
|
0-0: Foul Ball, location: 2F 0-1: Ground out 6-3 (Groundball, 56D, EV 99.4 MPH)
|
Batting: RHB Randy Grewe
|
0-0: Foul Ball, location: 2F 0-1: SINGLE (Line Drive, 8RS, EV 90.0 MPH)
|
Batting: RHB Steve Hasson
|
0-0: Called Strike 0-1: Foul Ball, location: 2F 0-2: Ball Randy Grewe is caught stealing 2nd base 2-4 1-2: Foul Ball, location: 2F 1-2: Foul Ball, location: 2F 1-2: DOUBLE (Line Drive, 5D, EV 95.0 MPH)
|
Batting: RHB Jon Griffin
|
0-0: Called Strike 0-1: Ground out 5-3 (Groundball, 56, EV 87.5 MPH)
|
Bottom of the 3rd over - 0 runs, 2 hits, 0 errors, 1 left on base; Aberdeen 5 - Los Angeles (NYP) 1 |
TOP OF THE 4TH |
Aberdeen Ironbirds batting - Pitching for Los Angeles (NYP) Angels : LHP Jon Curtis
|
Batting: RHB Rudo Garciaparra
|
0-0: Ball 1-0: Swinging Strike 1-1: Ball 2-1: Called Strike 2-2: Foul Ball, location: 2F 2-2: Foul Ball, location: 2F 2-2: Ball 3-2: Ground out 2-3 (Groundball, 13S, EV 65.0 MPH)
|
Batting: LHB Raul Rojas
|
0-0: Ball 1-0: Ball 2-0: Ball 3-0: Base on Balls
|
Pitching: LHP Alex Pulido
|
|
Batting: RHB Edwin Ramos
|
0-0: Ball 1-0: Fly out, F8 (Flyball, 89D, EV 83.8 MPH)
|
Batting: LHB Jose Bethancourt
|
0-0: Ball 1-0: Called Strike 1-1: Foul Ball, location: 2F 1-2: Ball 2-2: SINGLE (Line Drive, 4D, EV 100.6 MPH) Raul Rojas to second
|
Batting: RHB Jordan Wallace
|
0-0: Swinging Strike 0-1: Called Strike 0-2: Foul Ball, location: 2F 0-2: DOUBLE (Line Drive, 8RD, EV 86.3 MPH) Raul Rojas scores Jose Bethancourt to third Runner from 3rd tries for Home, SAFE, throw by CF to trailing runner, SAFE at third!
|
Batting: SHB Jorge Brito
|
0-0: Called Strike 0-1: Swinging Strike 0-2: Strikes out swinging
|
Top of the 4th over - 2 runs, 2 hits, 0 errors, 1 left on base; Aberdeen 7 - Los Angeles (NYP) 1 |
BOTTOM OF THE 4TH |
Los Angeles (NYP) Angels batting - Pitching for Aberdeen Ironbirds : RHP Brent Widder
|
Batting: SHB Conor Davies
|
0-0: Foul Ball, location: 2F 0-1: SINGLE (Groundball, 25, EV 66.9 MPH) (infield hit)
|
Pinch Runner at 1st Mario Velazquez:
|
|
Batting: RHB Tsega Haida
|
0-0: Ball 1-0: Ball 2-0: Called Strike 2-1: Ball 3-1: Called Strike 3-2: Strikes out swinging
|
Batting: RHB Jason Habeck
|
0-0: Ball 1-0: Swinging Strike 1-1: Ball Balk! Mario Velazquez to second 2-1: Ground out 5-3 (Groundball, 56, EV 101.3 MPH)
|
Batting: RHB Steve Hughey
|
0-0: Ball 1-0: Called Strike 1-1: Ball 2-1: SINGLE (Groundball, 6MD, EV 105.0 MPH) Mario Velazquez to third
|
Batting: RHB David Kunze
|
0-0: Ball 1-0: Ball 2-0: Ball 3-0: Called Strike 3-1: Foul Ball, location: 2F 3-2: Ground out 6-3 (Groundball, 6M, EV 85.6 MPH)
|
Bottom of the 4th over - 0 runs, 2 hits, 0 errors, 2 left on base; Aberdeen 7 - Los Angeles (NYP) 1 |
TOP OF THE 5TH |
Aberdeen Ironbirds batting - Pitching for Los Angeles (NYP) Angels : LHP Alex Pulido
|
Now in LF: Mario Velazquez
|
|
Now in RF: Jon Griffin
|
|
Batting: LHB David Best
|
0-0: Ball 1-0: Swinging Strike 1-1: Called Strike 1-2: Strikes out swinging
|
Batting: SHB Tyler Myatt
|
0-0: Ball 1-0: Foul Ball, location: 2F 1-1: Ball 2-1: Foul Ball, location: 2F 2-2: DOUBLE (Groundball, 5L, EV 103.1 MPH)
|
Batting: LHB Shane Free
|
0-0: Called Strike 0-1: Swinging Strike 0-2: Ball 1-2: Fly out, F3 (Popup, 3, EV 73.8 MPH)
|
Batting: RHB Rudo Garciaparra
|
0-0: Ball 1-0: Fly out, F7 (Flyball, 7D, EV 99.4 MPH)
|
Top of the 5th over - 0 runs, 1 hit, 0 errors, 1 left on base; Aberdeen 7 - Los Angeles (NYP) 1 |
BOTTOM OF THE 5TH |
Los Angeles (NYP) Angels batting - Pitching for Aberdeen Ironbirds : RHP Brent Widder
|
Batting: RHB D.J. Martinez
|
0-0: Foul Ball, location: 2F 0-1: Foul Ball, location: 2F 0-2: Ball 1-2: Ball 2-2: Strikes out swinging
|
Batting: RHB Randy Grewe
|
0-0: Swinging Strike 0-1: Foul Ball, location: 2F 0-2: Strikes out looking
|
Batting: RHB Steve Hasson
|
0-0: Fly out, F9 (Flyball, 9, EV 86.3 MPH)
|
Bottom of the 5th over - 0 runs, 0 hits, 0 errors, 0 left on base; Aberdeen 7 - Los Angeles (NYP) 1 |
TOP OF THE 6TH |
Aberdeen Ironbirds batting - Pitching for Los Angeles (NYP) Angels : LHP Alex Pulido
|
Batting: LHB Raul Rojas
|
0-0: SINGLE (Groundball, 6MD, EV 103.1 MPH)
|
Batting: RHB Edwin Ramos
|
0-0: Fly out, F8 (Line Drive, 8LM, EV 108.8 MPH)
|
Batting: LHB Jose Bethancourt
|
0-0: Ball 1-0: Called Strike 1-1: TRIPLE (Line Drive, 9LD, EV 107.5 MPH) Raul Rojas scores
|
Batting: RHB Jordan Wallace
|
0-0: Called Strike 0-1: Ball 1-1: Ball 2-1: Ball 3-1: Foul Ball, location: 2F 3-2: Strikes out swinging
|
Batting: SHB Jorge Brito
|
0-0: Ball 1-0: Ball 2-0: Ground out 6-3 (Groundball, 6, EV 101.9 MPH)
|
Top of the 6th over - 1 run, 2 hits, 0 errors, 1 left on base; Aberdeen 8 - Los Angeles (NYP) 1 |
BOTTOM OF THE 6TH |
Los Angeles (NYP) Angels batting - Pitching for Aberdeen Ironbirds : RHP Brent Widder
|
Batting: RHB Jon Griffin
|
0-0: Called Strike 0-1: Ball 1-1: Swinging Strike 1-2: Foul Ball, location: 2F 1-2: Fly out, F9 (Line Drive, 9D, EV 93.1 MPH)
|
Pitching: RHP David Burrus
|
|
Batting: RHB Mario Velazquez
|
0-0: Ball 1-0: Ball 2-0: Called Strike 2-1: Swinging Strike 2-2: Foul Ball, location: 2F 2-2: Ball 3-2: Foul Ball, location: 2F 3-2: Strikes out swinging
|
Batting: RHB Tsega Haida
|
0-0: Called Strike 0-1: Ball 1-1: Swinging Strike 1-2: Foul Ball, location: 2F 1-2: Foul Ball, location: 2F 1-2: Strikes out looking
|
Bottom of the 6th over - 0 runs, 0 hits, 0 errors, 0 left on base; Aberdeen 8 - Los Angeles (NYP) 1 |
TOP OF THE 7TH |
Aberdeen Ironbirds batting - Pitching for Los Angeles (NYP) Angels : LHP Alex Pulido
|
Batting: LHB David Best
|
0-0: Foul Ball, location: 2F 0-1: Ball 1-1: Ball 2-1: Fly out, F5 (Flyball, 5D, EV 81.3 MPH)
|
Batting: SHB Tyler Myatt
|
0-0: Ground out 4-3 (Groundball, 13, EV 84.4 MPH)
|
Batting: LHB Shane Free
|
0-0: Ball 1-0: Foul Ball, location: 2F 1-1: Foul Ball, location: 2F 1-2: Ball 2-2: Fly out, F8 (Flyball, 78M, EV 84.4 MPH)
|
Top of the 7th over - 0 runs, 0 hits, 0 errors, 0 left on base; Aberdeen 8 - Los Angeles (NYP) 1 |
BOTTOM OF THE 7TH |
Los Angeles (NYP) Angels batting - Pitching for Aberdeen Ironbirds : RHP David Burrus
|
Batting: RHB Jason Habeck
|
0-0: Called Strike 0-1: Fly out, F8 (Flyball, 8LXD, EV 78.8 MPH)
|
Batting: RHB Steve Hughey
|
0-0: Ball 1-0: Called Strike 1-1: Called Strike 1-2: Ground out 6-3 (Groundball, 6, EV 102.5 MPH)
|
Batting: RHB David Kunze
|
0-0: Ball 1-0: Called Strike 1-1: Swinging Strike 1-2: Ball 2-2: Strikes out looking
|
Bottom of the 7th over - 0 runs, 0 hits, 0 errors, 0 left on base; Aberdeen 8 - Los Angeles (NYP) 1 |
TOP OF THE 8TH |
Aberdeen Ironbirds batting - Pitching for Los Angeles (NYP) Angels : LHP Alex Pulido
|
Pitching: RHP Joe Schuler
|
|
Batting: RHB Rudo Garciaparra
|
0-0: Ball 1-0: Swinging Strike 1-1: SINGLE (Line Drive, 6D, EV 105.0 MPH)
|
Batting: LHB Raul Rojas
|
0-0: Ball Wild Pitch! Rudo Garciaparra to second 1-0: Called Strike 1-1: Ball 2-1: DOUBLE (Groundball, 5L, EV 105.6 MPH) Rudo Garciaparra scores
|
Batting: RHB Edwin Ramos
|
0-0: TRIPLE (Flyball, 78XD, EV 93.8 MPH) Raul Rojas scores
|
Batting: LHB Jose Bethancourt
|
0-0: Called Strike 0-1: Ground out 6-3 (Groundball, 6, EV 88.8 MPH) Edwin Ramos scores
|
Batting: RHB Jordan Wallace
|
0-0: Foul Ball, location: 2F 0-1: Ground out 4-3 (Groundball, 4, EV 80.6 MPH)
|
Batting: SHB Jorge Brito
|
0-0: Ball 1-0: Foul Ball, location: 2F 1-1: Foul Ball, location: 2F 1-2: Ball 2-2: SOLO HOME RUN (Flyball, 9D, EV 97.5 MPH), Distance : 393 ft
|
Pitching: RHP Chris Petrey
|
|
Batting: LHB David Best
|
0-0: DOUBLE (Line Drive, 7LM, EV 90.6 MPH)
|
Batting: SHB Tyler Myatt
|
0-0: Called Strike 0-1: Swinging Strike 0-2: Foul Ball, location: 2F 0-2: Strikes out swinging
|
Top of the 8th over - 4 runs, 5 hits, 0 errors, 1 left on base; Aberdeen 12 - Los Angeles (NYP) 1 |
BOTTOM OF THE 8TH |
Los Angeles (NYP) Angels batting - Pitching for Aberdeen Ironbirds : RHP David Burrus
|
Batting: RHB D.J. Martinez
|
0-0: Ball 1-0: Ground out 6-3 (Groundball, 4M, EV 105.6 MPH)
|
Batting: RHB Randy Grewe
|
0-0: Swinging Strike 0-1: Called Strike 0-2: Ball 1-2: Ball 2-2: Ball 3-2: Strikes out swinging
|
Batting: RHB Steve Hasson
|
0-0: Ball 1-0: Swinging Strike 1-1: Ball 2-1: Foul Ball, location: 2F 2-2: Foul Ball, location: 2F 2-2: Foul Ball, location: 2F 2-2: Ball 3-2: SINGLE (Line Drive, 89S, EV 90.6 MPH)
|
Batting: RHB Jon Griffin
|
0-0: Called Strike 0-1: Called Strike 0-2: Strikes out swinging
|
Bottom of the 8th over - 0 runs, 1 hit, 0 errors, 1 left on base; Aberdeen 12 - Los Angeles (NYP) 1 |
TOP OF THE 9TH |
Aberdeen Ironbirds batting - Pitching for Los Angeles (NYP) Angels : RHP Chris Petrey
|
Batting: LHB Shane Free
|
0-0: Ball 1-0: Ball 2-0: Ball 3-0: Called Strike 3-1: Called Strike 3-2: Base on Balls
|
Batting: RHB Rudo Garciaparra
|
0-0: Ball 1-0: Ball 2-0: Ball Passed Ball! Shane Free to second 3-0: Called Strike 3-1: Foul Ball, location: 2F 3-2: DOUBLE (Flyball, 89D, EV 110.6 MPH) Shane Free scores
|
Batting: LHB Raul Rojas
|
0-0: SINGLE (Groundball, 6S, EV 100.0 MPH) Rudo Garciaparra to third Runner from 3rd tries for Home, SAFE, throw by LF to home Raul Rojas to second
|
Batting: RHB Edwin Ramos
|
0-0: Called Strike 0-1: Ball 1-1: Ground out 4-3 (Groundball, 4, EV 103.1 MPH) Raul Rojas to third
|
Batting: LHB Jose Bethancourt
|
0-0: Foul Ball, location: 2F 0-1: Ball 1-1: SINGLE (Groundball, 6D, EV 98.1 MPH) Raul Rojas scores
|
Batting: RHB Jordan Wallace
|
0-0: Ball 1-0: Foul Ball, location: 2F 1-1: Ball 2-1: Swinging Strike 2-2: Ball 3-2: Base on Balls Jose Bethancourt to second
|
Batting: SHB Jorge Brito
|
0-0: Swinging Strike 0-1: Ball 1-1: Swinging Strike 1-2: Ball 2-2: Ball 3-2: DOUBLE (Line Drive, 9LS, EV 109.4 MPH) Jose Bethancourt scores Jordan Wallace to third Jordan Wallace scores
|
Pitching: LHP Brandon Davis
|
|
Batting: LHB David Best
|
0-0: Ball 1-0: Fly out, F8 (Flyball, 89M, EV 88.8 MPH)
|
Batting: SHB Tyler Myatt
|
0-0: Fly out, F9 (Flyball, 9D, EV 108.1 MPH)
|
Top of the 9th over - 5 runs, 4 hits, 0 errors, 1 left on base; Aberdeen 17 - Los Angeles (NYP) 1 |
BOTTOM OF THE 9TH |
Los Angeles (NYP) Angels batting - Pitching for Aberdeen Ironbirds : RHP David Burrus
|
Batting: RHB Mario Velazquez
|
0-0: Foul Ball, location: 2F 0-1: Swinging Strike 0-2: Strikes out looking
|
Batting: RHB Tsega Haida
|
0-0: Ball 1-0: Ground out 5-3 (Groundball, 56S, EV 65.0 MPH)
|
Batting: RHB Jason Habeck
|
0-0: Called Strike 0-1: Ball 1-1: Ball 2-1: Ball 3-1: Foul Ball, location: 2F 3-2: Base on Balls
|
Batting: RHB Steve Hughey
|
0-0: Called Strike 0-1: Called Strike 0-2: Ball 1-2: Fielders Choice at 2nd, 5-4 (Groundball, 5, EV 83.1 MPH)
|
Bottom of the 9th over - 0 runs, 0 hits, 0 errors, 1 left on base; Aberdeen 17 - Los Angeles (NYP) 1 |
|